PAAA
OCEANSIDE AVIATORS @ PHOENIX HOTSPUR RESERVES
08/23/2021
 
TOP OF THE 1ST
Oceanside Aviators batting - Pitching for Phoenix Hotspur Reserves : LHP Elroy Gardner
Pitching: LHP Elroy Gardner
Batting: RHB Billy Strauss 0-0: Called Strike
0-1: Ball
1-1: Ball
2-1: Swinging Strike
2-2: Strikes out swinging
Batting: RHB Lorenzo Sabastro 0-0: Ground out 1-3 (Groundball, 13S)
Batting: RHB Sang-yeon Kim 0-0: Called Strike
0-1: Ball
1-1: Fly out, F9 (Flyball, 9LM)
Top of the 1st over - 0 run(s), 0 hit(s), 0 error(s), 0 left on base; Oceanside 0 - Phoenix 0
BOTTOM OF THE 1ST
Phoenix Hotspur Reserves batting - Pitching for Oceanside Aviators : LHP Manuel Rodríguez
Pitching: LHP Manuel Rodríguez
Batting: RHB Gabriel Pérez 0-0: Ball
1-0: Ball
2-0: Ball
3-0: Called Strike
3-1: Bunt for hit - play at first, batter OUT! 6-3
Batting: LHB Chin Pak 0-0: Called Strike
0-1: Ball
1-1: Called Strike
1-2: Ball
2-2: Ball
3-2: Base on Balls
Batting: RHB Martín Martínez 0-0: Called Strike
0-1: Swinging Strike
0-2: Ball
1-2: Fly out, F8 (Flyball, 8RS)
Batting: RHB António Ramos 0-0: Called Strike
0-1: SINGLE (Line Drive, 7S)
Chin Pak to second
Batting: SHB Roberto López 0-0: Called Strike
0-1: Foul Ball, location: 2F
0-2: Foul Ball, location: 2F
0-2: Ball
1-2: Fly out, F9 (Flyball, 89M)
Bottom of the 1st over - 0 run(s), 1 hit(s), 0 error(s), 2 left on base; Oceanside 0 - Phoenix 0
TOP OF THE 2ND
Oceanside Aviators batting - Pitching for Phoenix Hotspur Reserves : LHP Elroy Gardner
Batting: RHB Jorge Gonzáles 0-0: Ball
1-0: Fly out, F9 (Flyball, 89XD)
Batting: RHB Randy García 0-0: Ball
1-0: Foul Ball, location: 2F
1-1: Foul Ball, location: 2F
1-2: Fly out, F7 (Flyball, 7D)
Batting: SHB Robbie Anderson 0-0: Called Strike
0-1: Swinging Strike
0-2: Foul Ball, location: 2F
0-2: Ball
1-2: Ball
2-2: Strikes out swinging
Top of the 2nd over - 0 run(s), 0 hit(s), 0 error(s), 0 left on base; Oceanside 0 - Phoenix 0
BOTTOM OF THE 2ND
Phoenix Hotspur Reserves batting - Pitching for Oceanside Aviators : LHP Manuel Rodríguez
Batting: RHB Phil Terry 0-0: Ball
1-0: Ground out 4-3 (Groundball, 4)
Batting: RHB Daniel Cooper 0-0: SINGLE (Line Drive, 56)
Batting: RHB Ben Anderson 0-0: Ball
1-0: Swinging Strike
1-1: Called Strike
1-2: Ball
2-2: Foul Ball, location: 2F
2-2: Ball
Daniel Cooper steals 2nd base
3-2: Strikes out swinging
Batting: SHB John Jenkins 0-0: Ball
1-0: Swinging Strike
1-1: Called Strike
1-2: Foul Ball, location: 2F
1-2: Ball
2-2: Foul Ball, location: 2F
2-2: Foul Ball, location: 2F
2-2: Foul Ball, location: 2F
2-2: DOUBLE (Line Drive, 7LM)
Daniel Cooper scores
Batting: RHB Gabriel Pérez 0-0: Called Strike
0-1: Ball
1-1: SINGLE (Line Drive, 7LM)
John Jenkins to third
Batting: LHB Chin Pak 0-0: Called Strike
0-1: Ball
1-1: Swinging Strike
1-2: Foul Ball, location: 2F
1-2: Ball
2-2: Fly out, F6 (Popup, 6M)
Bottom of the 2nd over - 1 run(s), 3 hit(s), 0 error(s), 2 left on base; Oceanside 0 - Phoenix 1
TOP OF THE 3RD
Oceanside Aviators batting - Pitching for Phoenix Hotspur Reserves : LHP Elroy Gardner
Batting: SHB Ludovico Bluemel 0-0: Called Strike
0-1: Fly out, F8 (Flyball, 8RM)
Batting: LHB Guy Riley 0-0: Called Strike
0-1: Swinging Strike
0-2: Ball
1-2: Ball
2-2: Strikes out looking
Batting: RHB Paco Rodríguez 0-0: Ball
1-0: SINGLE (Line Drive, 4M)
Batting: RHB Billy Strauss 0-0: Called Strike
Reached via error on a dropped throw, E3
Paco Rodríguez to second
Batting: RHB Lorenzo Sabastro 0-0: Ball
1-0: SINGLE (Flyball, 6MD)
Paco Rodríguez to third
Billy Strauss to second
Runner from 3rd tries for Home, SAFE, no throw or cutoff
Batting: RHB Sang-yeon Kim 0-0: Swinging Strike
0-1: Foul Ball, location: 2F
0-2: Ball
1-2: Fly out, F3 (Popup, 3SF)
Top of the 3rd over - 1 run(s), 2 hit(s), 1 error(s), 2 left on base; Oceanside 1 - Phoenix 1
BOTTOM OF THE 3RD
Phoenix Hotspur Reserves batting - Pitching for Oceanside Aviators : LHP Manuel Rodríguez
Batting: RHB Martín Martínez 0-0: Ground out 6-3 (Groundball, 6M)
Batting: RHB António Ramos 0-0: Fly out, F6 (Line Drive, 6)
Batting: SHB Roberto López 0-0: Ball
1-0: Foul Ball, location: 2F
1-1: Swinging Strike
1-2: Ball
2-2: Ball
3-2: Ground out 6-3 (Groundball, 6M)
Bottom of the 3rd over - 0 run(s), 0 hit(s), 0 error(s), 0 left on base; Oceanside 1 - Phoenix 1
TOP OF THE 4TH
Oceanside Aviators batting - Pitching for Phoenix Hotspur Reserves : LHP Elroy Gardner
Batting: RHB Jorge Gonzáles 0-0: Ball
1-0: Foul Ball, location: 2F
1-1: SINGLE (Groundball, 34)
Batting: RHB Randy García 0-0: Ground out 4-3 (Groundball, 13)
Jorge Gonzáles to second
Batting: SHB Robbie Anderson 0-0: Fly out, F8 (Flyball, 8RM)
Batting: SHB Ludovico Bluemel 0-0: Called Strike
0-1: Ball
1-1: Ball
2-1: Foul Ball, location: 2F
2-2: Ground out 1-3 (Groundball, 15S)
Top of the 4th over - 0 run(s), 1 hit(s), 0 error(s), 1 left on base; Oceanside 1 - Phoenix 1
BOTTOM OF THE 4TH
Phoenix Hotspur Reserves batting - Pitching for Oceanside Aviators : LHP Manuel Rodríguez
Batting: RHB Phil Terry 0-0: Ground out 5-3 (Groundball, 56S)
Batting: RHB Daniel Cooper 0-0: Called Strike
0-1: Ball
1-1: Called Strike
1-2: Ball
2-2: Foul Ball, location: 2F
2-2: Foul Ball, location: 2F
2-2: Ball
3-2: Ground out 6-3 (Groundball, 6)
Batting: RHB Ben Anderson 0-0: Ball
1-0: Called Strike
1-1: Ball
2-1: Ground out 1-3 (Groundball, 13)
Bottom of the 4th over - 0 run(s), 0 hit(s), 0 error(s), 0 left on base; Oceanside 1 - Phoenix 1
TOP OF THE 5TH
Oceanside Aviators batting - Pitching for Phoenix Hotspur Reserves : LHP Elroy Gardner
Batting: LHB Guy Riley 0-0: Foul Ball, location: 2F
0-1: Ball
1-1: Ball
2-1: Called Strike
2-2: Foul Ball, location: 2F
2-2: Ball
3-2: Ground out 4-3 (Groundball, 4)
Batting: RHB Paco Rodríguez 0-0: Called Strike
0-1: Bunted foul
0-2: Fly out, F9 (Flyball, 9M)
Batting: RHB Billy Strauss 0-0: Called Strike
0-1: Swinging Strike
0-2: Ball
1-2: Foul Ball, location: 2F
1-2: Ball
2-2: Strikes out looking
Top of the 5th over - 0 run(s), 0 hit(s), 0 error(s), 0 left on base; Oceanside 1 - Phoenix 1
BOTTOM OF THE 5TH
Phoenix Hotspur Reserves batting - Pitching for Oceanside Aviators : LHP Manuel Rodríguez
Batting: SHB John Jenkins 0-0: Swinging Strike
0-1: Ball
1-1: Ball
2-1: Ball
3-1: Base on Balls
Batting: RHB Gabriel Pérez 0-0: Sac Bunt - play at second, runner OUT! 2-6
Batting: LHB Chin Pak 0-0: Ball
Throwing error on steal attempt, E2
Gabriel Pérez to third
1-0: Foul Ball, location: 2F
1-1: Called Strike
1-2: Fly out, F6 (Popup, 6MD)
Batting: RHB Martín Martínez 0-0: Ball
1-0: Called Strike
1-1: Fly out, F5 (Popup, 5F)
Bottom of the 5th over - 0 run(s), 0 hit(s), 1 error(s), 1 left on base; Oceanside 1 - Phoenix 1
TOP OF THE 6TH
Oceanside Aviators batting - Pitching for Phoenix Hotspur Reserves : LHP Elroy Gardner
Batting: RHB Lorenzo Sabastro 0-0: Ball
1-0: Called Strike
1-1: Ball
2-1: Ball
3-1: Fly out, F6 (Popup, 6)
Pitching: RHP Miguel Angel Liñares
Batting: RHB Sang-yeon Kim 0-0: Called Strike
0-1: Ball
1-1: Ball
2-1: SINGLE (Line Drive, 34D)
Batting: RHB Jorge Gonzáles 0-0: Called Strike
0-1: 2-RUN HOME RUN (Flyball, 7LD), Distance : 339 ft
Batting: RHB Randy García 0-0: Ball
1-0: Ball
2-0: Ball
3-0: Base on Balls
Batting: SHB Robbie Anderson 0-0: Called Strike
0-1: Ball
1-1: Foul Ball, location: 2F
1-2: Foul Ball, location: 2F
1-2: Foul Ball, location: 2F
1-2: Ball
2-2: Strikes out swinging
Batting: SHB Ludovico Bluemel 0-0: Ball
1-0: Ball
2-0: Called Strike
2-1: Ball
3-1: Base on Balls
Randy García to second
Batting: LHB Guy Riley 0-0: Ball
1-0: Ball
2-0: Called Strike
2-1: Ball
3-1: Foul Ball, location: 2F
3-2: Strikes out swinging
Top of the 6th over - 2 run(s), 2 hit(s), 0 error(s), 2 left on base; Oceanside 3 - Phoenix 1
BOTTOM OF THE 6TH
Phoenix Hotspur Reserves batting - Pitching for Oceanside Aviators : LHP Manuel Rodríguez
Batting: RHB António Ramos 0-0: Ground out 5-3 (Groundball, 5)
Batting: SHB Roberto López 0-0: Called Strike
0-1: Called Strike
0-2: Ground out 4-3 (Groundball, 4)
Batting: RHB Phil Terry 0-0: Swinging Strike
0-1: Swinging Strike
0-2: Fly out, F9 (Flyball, 89D)
Bottom of the 6th over - 0 run(s), 0 hit(s), 0 error(s), 0 left on base; Oceanside 3 - Phoenix 1
TOP OF THE 7TH
Oceanside Aviators batting - Pitching for Phoenix Hotspur Reserves : RHP Miguel Angel Liñares
Batting: RHB Paco Rodríguez 0-0: Called Strike
0-1: Ball
1-1: Swinging Strike
1-2: Strikes out looking
Batting: RHB Billy Strauss 0-0: Ball
1-0: Ground out 4-3 (Groundball, 4)
Batting: RHB Lorenzo Sabastro 0-0: Ball
1-0: Fly out, F9 (Flyball, 9LM)
Top of the 7th over - 0 run(s), 0 hit(s), 0 error(s), 0 left on base; Oceanside 3 - Phoenix 1
BOTTOM OF THE 7TH
Phoenix Hotspur Reserves batting - Pitching for Oceanside Aviators : LHP Manuel Rodríguez
Batting: RHB Daniel Cooper 0-0: Fly out, F4 (Popup, 34D)
Batting: RHB Ben Anderson 0-0: Called Strike
0-1: Foul Ball, location: 2F
0-2: Ground out 4-3 (Groundball, 4M)
Batting: SHB John Jenkins 0-0: Swinging Strike
0-1: Ball
1-1: Fly out, F8 (Line Drive, 8LM)
Bottom of the 7th over - 0 run(s), 0 hit(s), 0 error(s), 0 left on base; Oceanside 3 - Phoenix 1
TOP OF THE 8TH
Oceanside Aviators batting - Pitching for Phoenix Hotspur Reserves : RHP Miguel Angel Liñares
Batting: RHB Sang-yeon Kim 0-0: Foul Ball, location: 2F
0-1: SINGLE (Groundball, 4MD)
Batting: RHB Jorge Gonzáles 0-0: Reached on error, E4 (Groundball, 4)
Sang-yeon Kim to second
Batting: RHB Randy García 0-0: Swinging Strike
0-1: SINGLE (Line Drive, 9S)
Sang-yeon Kim to third
Jorge Gonzáles to second
Batting: SHB Robbie Anderson 0-0: Ball
1-0: Foul Ball, location: 2F
1-1: SINGLE (Groundball, 4MD)
Sang-yeon Kim scores
Jorge Gonzáles to third
Randy García to second
Pitching: LHP Henry Simpson
Pinch Hitting: RHB Júlio Morín 0-0: Fly out, F7 (Flyball, 7S)
Batting: LHB Guy Riley 0-0: Ball
1-0: Ground out 5-3 (Groundball, 56S)
Jorge Gonzáles scores
Randy García to third
Robbie Anderson to second
Batting: RHB Paco Rodríguez 0-0: Called Strike
0-1: Swinging Strike
0-2: Strikes out swinging
Top of the 8th over - 2 run(s), 3 hit(s), 1 error(s), 2 left on base; Oceanside 5 - Phoenix 1
BOTTOM OF THE 8TH
Phoenix Hotspur Reserves batting - Pitching for Oceanside Aviators : LHP Manuel Rodríguez
Now at SS: Henry Potts
Batting: RHB Gabriel Pérez 0-0: Ball
1-0: Swinging Strike
1-1: Ball
2-1: Ball
3-1: Base on Balls
Batting: LHB Chin Pak 0-0: Foul Ball, location: 2F
Balk!
Gabriel Pérez to second
0-1: Called Strike
0-2: Ball
1-2: Strikes out swinging
Batting: RHB Martín Martínez 0-0: 2-RUN HOME RUN (Flyball, 7D), Distance : 375 ft
Batting: RHB António Ramos 0-0: Ball
1-0: Called Strike
1-1: Called Strike
1-2: Foul Ball, location: 2F
1-2: Ball
2-2: Ground out 5-3 (Groundball, 15S)
Batting: SHB Roberto López 0-0: Called Strike
0-1: Foul Ball, location: 2F
0-2: Ball
1-2: Ball
2-2: Foul Ball, location: 2F
2-2: Fly out, F4 (Popup, 34D)
Bottom of the 8th over - 2 run(s), 1 hit(s), 0 error(s), 0 left on base; Oceanside 5 - Phoenix 3
TOP OF THE 9TH
Oceanside Aviators batting - Pitching for Phoenix Hotspur Reserves : LHP Henry Simpson
Batting: RHB Billy Strauss 0-0: Foul Ball, location: 2F
0-1: Fly out, F7 (Flyball, 7S)
Batting: RHB Lorenzo Sabastro 0-0: Ball
1-0: Called Strike
1-1: Fly out, F2 (Popup, 2RF)
Batting: RHB Sang-yeon Kim 0-0: Called Strike
0-1: Swinging Strike
0-2: Foul Ball, location: 2F
0-2: Fly out, F8 (Line Drive, 8LS)
Top of the 9th over - 0 run(s), 0 hit(s), 0 error(s), 0 left on base; Oceanside 5 - Phoenix 3
BOTTOM OF THE 9TH
Phoenix Hotspur Reserves batting - Pitching for Oceanside Aviators : LHP Manuel Rodríguez
Pitching: LHP Jaime Carrión
Now at C: Dan Finch
Now at 1B: Lee Williams
Now in LF: Adrián Rodríguez
Batting: RHB Phil Terry 0-0: Swinging Strike
0-1: Foul Ball, location: 2F
0-2: Foul Ball, location: 2F
0-2: Foul Ball, location: 2F
0-2: Ball
1-2: Ground out 4-3 (Groundball, 4)
Batting: RHB Daniel Cooper 0-0: Swinging Strike
0-1: Ground out 6-3 (Groundball, 6M)
Batting: RHB Ben Anderson 0-0: Ball
1-0: SINGLE (Line Drive, 6D)
Batting: SHB John Jenkins 0-0: Called Strike
0-1: Ball
1-1: Ball
2-1: Ball
3-1: Fly out, F7 (Flyball, 7D)
Bottom of the 9th over - 0 run(s), 1 hit(s), 0 error(s), 1 left on base; Oceanside 5 - Phoenix 3
This league is powered by Out of the Park Baseball, the baseball management simulation game for PC, Mac and Linux
Friday, January 22nd, 2016 - OOTP Baseball 16.9 Build 39